 Dungeon Crawl Stone Soup version 0.19.0-16-g73b5abf (webtiles) character file.

253 Rrauwl the Skirmisher (level 5, 0/48 HPs)
             Began as a Minotaur Berserker on Nov 10, 2016.
             Was a Priest of Trog.
             Succumbed to a worker ant's poison
             ... on level 4 of the Dungeon.
             The game lasted 00:17:34 (2175 turns).

Rrauwl the Skirmisher (Minotaur Berserker)          Turns: 2175, Time: 00:17:35

Health: 0/48       AC: 10    Str: 22    XL:     5   Next: 90%
Magic:  4/4        EV:  9    Int:  4    God:    Trog [***...]
Gold:   113        SH:  0    Dex: 10    Spells: 0 memorised, 4 levels left

rFire  x . .     SeeInvis .     g - +0 whip (drain)
rCold  + . .     Gourm    .     i - +1 chain mail
rNeg   . . .     Faith    .     (no shield)
rPois  .         Spirit   .     (helmet restricted)
rElec  .         Reflect  .     (no cloak)
rCorr  .         Harm     .     (no gloves)
MR     +....                    (no boots)
Stlth  ..........               (no amulet)
                                m - ring of ice
                                j - ring of protection from magic

@: lethally poisoned (0 -> -2)
A: retaliatory headbutt, horns 2
a: Berserk, Trog's Hand, Burn Spellbooks, Renounce Religion


You were on level 4 of the Dungeon.
You worshipped Trog.
Trog was most pleased with you.
You were not hungry.

You visited 1 branch of the dungeon, and saw 4 of its levels.

You collected 113 gold pieces.

Inventory:

Hand Weapons
 g - a +0 whip of draining (weapon)
 n - a +0 long sword
Missiles
 a - 32 bolts
 e - 80 stones (quivered)
 h - 24 poisoned needles
Armour
 i - a +1 chain mail (worn)
Jewellery
 j - a ring of protection from magic (left hand)
 m - a ring of ice (right hand)
 o - an uncursed ring of protection from fire {unknown}
Scrolls
 k - 2 scrolls of remove curse
 l - a scroll of identify
Potions
 q - a potion of brilliance
 s - a potion of flight
Comestibles
 b - a slice of pizza
 c - a bread ration
 d - 3 fruits
 f - a beef jerky
 p - 3 chunks of flesh
 t - a meat ration
 u - a royal jelly


   Skills:
 + Level 5.1 Fighting
 - Level 4.3 Long Blades
 + Level 3.6 Maces & Flails
 + Level 3.7 Armour
 + Level 3.1 Dodging
 + Level 0.5 Stealth


You had 4 spell levels left.
You didn't know any spells.

Dungeon Overview and Level Annotations

Branches:
Dungeon (4/15)
 Temple: D:4-7

Altars:
Dithmenos
Ru
Xom

Annotations:
D:4 Dowan, Duvessa, Menkaure


Innate Abilities, Weirdness & Mutations

You reflexively headbutt those who attack you in melee.
You have a pair of horns on your head.


Message History

You kill the worker ant!
Trog accepts your kill.
* * * LOW HITPOINT WARNING * * *
You feel sick. Menkaure barely misses you. You furiously retaliate!
You headbutt Menkaure.
Cornered, the adder turns to fight!
Your surroundings suddenly seem different.
* * * LOW HITPOINT WARNING * * *
You feel sick.
Found a beef jerky.
* * * LOW HITPOINT WARNING * * *
You feel sick.
* * * LOW HITPOINT WARNING * * *
You feel sick.
An adder comes into view.
* * * LOW HITPOINT WARNING * * *
You feel sick.
The adder hisses angrily.
You see here a beef jerky.
f - a beef jerky You die...

......#....#
...........##.#
...............#
................
.....#..###......
#....##.# ..♣.♣.
#.......##.......
##...........♣.♣.
#......@..S.....
.............♣.
#..............
♣♣♣♣♣♣♣........
♣♣....... .......
....... ##.....


You could see an adder.

Vanquished Creatures
  A howler monkey (D:3)
  2 hounds (D:4)
  An orc priest (D:3)
  2 worker ants (D:4)
  4 oozes
  2 worms
  6 orcs (D:3)
  6 bats
  2 giant cockroaches (D:3)
  6 hobgoblins
  8 jackals
  A quokka (D:3)
  2 ball pythons
  3 frilled lizards (D:1)
  7 goblins
  6 kobolds
  7 rats
66 creatures vanquished.

Notes
Turn   | Place    | Note
-------+----------+-------------------------------------------
     0 | D:1      | Rrauwl the Minotaur Berserker began the quest for the Orb.
     0 | D:1      | Reached XP level 1. HP: 19/19 MP: 0/0
    32 | D:1      | Reached XP level 2. HP: 22/27 MP: 1/1
   368 | D:1      | Reached skill level 4 in Fighting
   393 | D:1      | Reached ** piety under Trog
   394 | D:1      | Reached XP level 3. HP: 33/33 MP: 2/2
  1055 | D:2      | Reached skill level 1 in Maces & Flails
  1150 | D:2      | Found a shimmering altar of Xom.
  1743 | D:3      | Reached XP level 4. HP: 41/41 MP: 3/3
  1832 | D:3      | Found a shadowy altar of Dithmenos.
  1837 | D:3      | Found a sacrificial altar of Ru.
  1996 | D:3      | Reached XP level 5. HP: 39/47 MP: 4/4
  2138 | D:4      | Noticed Menkaure
  2138 | D:4      | Noticed Duvessa
  2153 | D:4      | Noticed Dowan
  2155 | D:4      | Reached *** piety under Trog
  2155 | D:4      | Reached skill level 5 in Fighting
  2168 | D:4      | HP: 2/48 [poisoned by a worker ant]
  2175 | D:4      | Succumbed to a worker ant's poison

Skill      XL: |  1  2  3  4  5 |
---------------+----------------+-----
Long Blades    | 4 |  4.3
Fighting       | 4 5 |  5.1
Maces & Flails | 1 2 3 |  3.6
Armour         | 3 |  3.7
Dodging        | 3 |  3.1
Stealth        | |  0.5

Action                   |  1- 3 |  4- 6 || total
-------------------------+-------+-------++-------
Melee: Falchion          |    23 |       ||    23
       Headbutt          |    12 |     6 ||    18
       Whip              |    73 |    48 ||   121
Invok: Burn Spellbooks   |       |     1 ||     1
  Use: Scroll            |     7 |     2 ||     9
       Potion            |     5 |     1 ||     6
  Eat: Chunk             |     2 |     2 ||     4
Armor: Animal skin       |    10 |       ||    10
       Skin              |     1 |       ||     1
       Chain mail        |    27 |    34 ||    61
Dodge: Dodged            |    58 |    35 ||    93
       Rpst.: Falchion   |     5 |       ||     5
